Map: Void Training Stage 1

Players

Piroxiljin - Winner!

  • Race: Terran Terran
  • Spawn Location: 11:00

Player 2

  • Race: Protoss Protoss
  • Spawn Location: 5:00

VOD

Have the link to the VOD?

Description

Time

  • Played on: Jan. 12, 2019, 8:26 a.m.
  • Length: 10:22
Show
View Real Time Build Order
Export as new Build Order

Piroxiljin Terran - Winner!

Build Orders:  

Get SALT Encoding   

  12  0:05  SCV  
  13  0:17  SCV  
  14  0:22  Supply Depot  
  14  0:29  SCV  
  15  0:43  SCV  
  16  0:55  SCV  
  17  0:57  Barracks  
  17  1:02  Refinery  
  17  1:07  SCV  
  18  1:17  Supply Depot  
  18  1:20  SCV  
  19  1:32  SCV  
  20  1:40  Refinery  
  20  1:44  SCV  
  21  1:50  Marine  
  22  1:57  Barracks  
  22  2:00  Orbital Command  
  22  2:08  Reaper  
  23  2:26  SCV  
  24  2:39  Command Center  
  24  2:40  SCV, Marine  
  26  2:46  Supply Depot  
  26  2:53  SCV  
  26  2:58  Marine  
  28  3:00  Barracks Tech Lab  
  28  3:08  SCV  
  29  3:18  Supply Depot  
  29  3:26  Marauder  
  31  3:27  Barracks Reactor  
  31  3:47  Marine  
  32  4:05  Reaper  
  32  4:06  Marine  
  32  4:07  Marine  
  35  4:24  Reaper  
  35  4:29  SCV  
  37  4:37  Marine  
  38  4:40  Barracks  
  38  4:45  SCV  
  39  4:55  Marine x2  
  39  4:56  Reaper  
  39  4:57  SCV  
  43  5:04  Refinery  
  43  5:09  SCV  
  46  5:14  Marauder  
  46  5:31  Marine x2  
  46  5:34  Barracks Reactor  
  48  5:51  Orbital Command  
  48  5:53  Marine x2  
  48  5:54  Reaper  
  51  6:00  SCV  
  52  6:11  Refinery, Reaper x2  
  54  6:12  SCV  
  55  6:21  Supply Depot  
  55  6:26  Marauder  
  55  6:31  SCV  
  58  6:43  SCV, Marine  
  60  6:47  Marauder  
  60  6:51  Marine  
  60  6:52  Reaper  
  64  6:55  SCV  
  64  6:58  Supply Depot  
  65  7:07  SCV  
  66  7:11  Marine x2  
  66  7:12  Reaper x2  
  70  7:19  SCV  
  70  7:20  Supply Depot  
  71  7:24  Reaper  
  71  7:29  Marine  
  73  7:31  SCV  
  74  7:43  Supply Depot  
  74  7:44  Marauder  
  74  7:45  Marine  
  74  8:04  Marine x4  
  78  8:06  Reaper  
  78  8:07  SCV  
  80  8:22  Reaper x2, Marine  
  81  8:38  Marauder  
  83  8:50  SCV  
  83  8:51  Marine x2  
  86  8:59  Marine  
  86  9:00  Marine x2  
  86  9:02  SCV  
  90  9:08  Marine  
  90  9:09  Reaper  
  92  9:11  Supply Depot  
  92  9:14  Supply Depot  
  92  9:37  Command Center  
  92  9:44  SCV  
  93  9:46  Reaper, Marine  
  93  9:47  Marine  
  93  9:48  Marauder, Reaper  
  99  9:56  SCV  
  100  10:02  Supply Depot  
Show
View Real Time Build Order
Export as new Build Order

Player 2 Protoss 

Build Orders:  

Get SALT Encoding   

  12  0:00  Probe  
  13  0:13  Probe  
  14  0:20  Pylon  
  14  0:35  Assimilator  
  14  0:42  Gateway  
  14  0:45  Pylon  
  14  1:15  Probe  
  14  1:23  Probe  
  15  1:31  Probe  
  16  1:33  Cybernetics Core  
  17  1:42  Probe  
  18  1:53  Probe  
  19  2:01  Probe  
  20  2:09  Stalker  
  20  2:13  Warp Gate  
  22  4:52  Probe  
  22  4:57  Zealot  
  22  4:58  Assimilator  
  25  5:00  Probe  
  26  5:10  Probe  
  27  5:15  Pylon  
  27  5:22  Probe  
  26  5:34  Probe  
  27  5:49  Stalker  
  29  6:05  Probe  
  29  6:24  Nexus  
  29  7:32  Probe  
  29  7:43  Probe  
  30  7:46  Probe  
  30  7:50  Stalker, Assimilator  
  31  7:58  Probe  
  30  8:04  Probe  
  32  8:15  Probe  
  32  8:19  Stalker  
  34  8:24  Probe  
  34  8:25  Pylon  
  35  8:38  Probe  
  32  8:50  Probe  
  32  9:02  Probe  
  30  9:11  Zealot  
  30  9:14  Probe  
  30  9:26  Probe  
  30  9:29  Pylon  
  25  9:50  Probe  
  20  9:55  Pylon  
  20  9:59  Gateway  
Tags
 
Add a new tag
Caveats
  • Supply blocks, unpowered buildings, or Contaminate may cause inaccurate times.
  • Supply counts are checked every 10 seconds.